 Dungeon Crawl Stone Soup version 0.27-a0-819-g058290f16d (webtiles) character file.

Game seed: 15354621635508926078

232 jasper the Sneak (level 5, -16/42 HPs)
             Began as a Demonspawn Delver on Mar 29, 2021.
             Was an Initiate of Nemelex Xobeh.
             Killed by divine providence
             ... invoked by an orc priest
              (17 damage)
             ... on level 5 of the Dungeon.
             The game lasted 00:07:31 (5156 turns).

jasper the Sneak (Demonspawn Delver)                Turns: 5156, Time: 00:07:32

Health: -16/42     AC:  6    Str: 14    XL:     5   Next: 73%
Magic:  5/5        EV: 11    Int: 11    God:    Nemelex Xobeh [......]
Gold:   208        SH:  0    Dex: 14    Spells: 4/4 levels left

rFire    . . .     SeeInvis .   a - +0 hand axe
rCold    . . .     Faith    .   (no shield)
rNeg     . . .     Spirit   .   k - +0 ring mail
rPois    .         Reflect  .   (no helmet)
rElec    .         Harm     .   (no cloak)
rCorr    .         Rampage  .   h - +0 pair of gloves
Will     .....                  (no boots)
Stlth    ++........             (no amulet)
HPRegen  0.14/turn              (no ring)
MPRegen  0.18/turn              (no ring)

@: very slightly contaminated, invisible
A: powered by pain 1, magic regeneration
a: Renounce Religion, Draw Escape, Draw Destruction, Draw Summoning


You were on level 5 of the Dungeon.
You worshipped Nemelex Xobeh.
Nemelex Xobeh was noncommittal.
You visited 1 branch of the dungeon, and saw 5 of its levels.

You collected 208 gold pieces.

Inventory:

Hand Weapons
 a - a +0 hand axe (weapon)
 f - a +0 flail of protection
Missiles
 i - a throwing net (quivered)
 m - 14 poisoned darts
 q - 98 arrows
 t - 3 stones
Armour
 b - a +1 leather armour
 h - a +0 pair of gloves (worn)
 k - a +0 ring mail (worn)
Wands
 g - a wand of digging (1)
Scrolls
 c - 2 scrolls of fog
 d - 3 scrolls of magic mapping
 e - a scroll of fear
 n - a scroll of identify
 o - 2 scrolls of enchant weapon {unknown}
 r - 2 scrolls of vulnerability
 s - a scroll of immolation
Potions
 j - a potion of invisibility
 l - a potion of brilliance


   Skills:
 + Level 4.0 Fighting
 * Level 4.0 Axes
 + Level 2.2 Armour
 + Level 1.9 Dodging
 - Level 4.5 Stealth
 + Level 1.0 Invocations


You had 4 spell levels left.
You didn't know any spells.
Your spell library was empty.

Dungeon Overview and Level Annotations

Branches:
Dungeon (5/15)
 Temple: D:4-7

Altars:
Cheibriados
Elyvilon
Fedhas
Kikubaaqudgha
Nemelex Xobeh

Annotations:
D:4 exclusion: ogre, Grinder, Sigmund
D:5 exclusion: hound, Edmund


Innate Abilities, Weirdness & Mutations

You sometimes gain a little power by taking damage.
You regenerate magic rapidly.


Message History

You barely miss the orc priest.
The orc priest is heavily wounded.
The orc priest barely misses you.
You hit the orc priest but do no damage.
The orc priest is heavily wounded.
The orc priest misses you.
You hit the orc priest.
The orc priest is severely wounded.
The orc priest invokes the aid of Beogh against you.
Beogh smites you!
You hear a shout! x2
You take 12 damage, and have 14/42 hp.
MASSIVE DAMAGE!!
It was a potion of invisibility.
You fade into invisibility!
The orc priest closely misses you.
You are very lightly contaminated with residual magic.
Okay, then.
You hit the orc priest but do no damage.
The orc priest is severely wounded.
The orc priest hits you but does no damage.
You catch the helpless orc priest completely off-guard!
You hit the orc priest.
The orc priest is severely wounded.
The orc priest hits you with a +0 mace.
You take 2 damage, and have 13/42 hp.
You catch the helpless orc priest completely off-guard!
You hit the orc priest but do no damage.
The orc priest is severely wounded.
The orc priest hits you but does no damage.
You hit the orc priest but do no damage.
The orc priest is severely wounded.
The orc priest calls down the wrath of Beogh upon you.
Pain shoots through your body!
* * * LOW HITPOINT WARNING * * *
You take 12 damage, and have 1/42 hp.
MASSIVE DAMAGE!!
It was a potion of magic.
Magic courses through your body.
The orc priest invokes the aid of Beogh against you.
Beogh smites you!
You die...
Your body disappears without a glow.

#.
#.#########
#.<.......#
##
#########.#
#.# .o##.#
#.# #o##.#
#.#
#o##.##.#
#.#
#.##.#o##
.:#
#o##o.#@#
#.##.###.#
#..o.# #.#
# ####.#
#.# ..# #.#
## #h####
#.# .....##
#.# #.....
..# #....#
#.#


You could see an orc priest.

Vanquished Creatures
  A hound skeleton (D:4)
  5 gnolls
  7 adders
  An ufetubus (D:4)
  2 worms
  3 dart slugs
  2 orcs (D:5)
  5 ball pythons
  8 bats
  6 endoplasms
  2 giant cockroaches
  7 goblins
  5 hobgoblins
  13 jackals
  4 quokkas
  A ball python skeleton (D:2)
  5 frilled lizards
  8 kobolds
  8 rats
93 creatures vanquished.

Vanquished Creatures (others)
  2 plants (D:2)
2 creatures vanquished.

Grand Total: 95 creatures vanquished

Notes
Turn   | Place    | Note
-------+----------+-------------------------------------------
     0 | D:5      | jasper the Demonspawn Delver began the quest for the Orb.
     0 | D:5      | Reached XP level 1. HP: 18/18 MP: 1/1
    19 | D:5      | Noticed a hound
    35 | D:5      | Noticed Edmund
    74 | D:5      | Noticed a phantom
   128 | D:4      | Gained mutation: You regenerate magic rapidly. [demonic
                  | ancestry]
   128 | D:4      | Reached XP level 2. HP: 11/24 MP: 2/2
   445 | D:2      | You fall into a shaft and drop 2 floors!
   488 | D:4      | Reached skill level 1 in Armour
   493 | D:4      | Reached XP level 3. HP: 11/29 MP: 3/3
   746 | D:4      | Noticed Sigmund
   799 | D:4      | Noticed an ogre
  1707 | D:1      | You fall into a shaft and drop 1 floor!
  1902 | D:1      | Gained mutation: You sometimes gain a little power by
                  | taking damage. [demonic ancestry]
  1902 | D:1      | Reached XP level 4. HP: 29/35 MP: 4/4
  3020 | D:2      | Reached XP level 5. HP: 38/42 MP: 5/5
  3539 | D:3      | Found a sparkling altar of Nemelex Xobeh.
  3544 | D:3      | Became a worshipper of Nemelex Xobeh the Trickster
  3566 | D:3      | Found a snail-covered altar of Cheibriados.
  3568 | D:3      | Found an ancient bone altar of Kikubaaqudgha.
  3577 | D:3      | Found a blossoming altar of Fedhas.
  4819 | D:3      | Reached skill level 1 in Invocations
  4898 | D:4      | Noticed Grinder
  5155 | D:5      | HP: 1/42 [orc priest/nerve-wracking pain (12)]
  5156 | D:5      | Killed from afar by an orc priest

Illustrated notes

Levels and vault maps discovered:
D:1:      psy_arrival_fountain, layout_basic, minmay_pentomino_s4
D:2:      kennysheep_six_static_rooms, layout_rooms, solitary_fountain,
          serial_bayou_pond_b
D:3:      layout_basic, lemuel_round_altar, gammafunk_temple_overflow_forgotten,
          nemelex_spade_bored_becter
D:4:      layout_basic, nicolae_ru_path_of_blood, uniq_duvessa, uniq_grinder,
          uniq_sigmund
D:5:      layout_loops_ring, minmay_temple_entry_hall, uniq_edmund

Skill      XL: |  1  2  3  4  5 |
---------------+----------------+-----
Axes           | 2 3 4 |  4.0
Armour         | 1 2 |  2.2
Fighting       | 4 |  4.0
Invocations    | 1 |  1.0
Dodging        | |  1.9
Stealth        | |  4.5

Action                   |  1- 3 |  4- 6 || total
-------------------------+-------+-------++-------
Melee: Hand axe          |   138 |   220 ||   358
Throw: Throwing net      |     1 |     1 ||     2
Evoke: Wand              |       |     2 ||     2
  Use: Scroll            |     1 |     6 ||     7
       Potion            |     1 |     5 ||     6
 Stab: Sleeping          |     9 |    13 ||    22
       Held in net/web   |     2 |       ||     2
       Invisible         |       |     2 ||     2
Armor: Leather armour    |    19 |       ||    19
       Ring mail         |    41 |    66 ||   107
Dodge: Dodged            |    97 |   110 ||   207

Table legend: (Time is in decaauts)
 A = Elapsed time spent in this place.
 B = Non-inter-level travel time spent in this place.
 C = Inter-level travel time spent in this place.
 D = Time resting spent in this place.
 E = Time spent auto-exploring this place.
 F = Levels seen in this place.
 G = Mean time per level.
                   A        B        C        D        E       F      G
               +--------+--------+--------+--------+--------+-----+--------+
         Total |   5178 |   5029 |    149 |   1438 |   2485 |   5 | 1035.6 |
       Dungeon |   5178 |   5029 |    149 |   1438 |   2485 |   5 | 1035.6 |
               +--------+--------+--------+--------+--------+-----+--------+

Top non-repeatable levels by time:
     D:3: 1717 daAuts
     D:1: 1472 daAuts
     D:2: 983 daAuts
     D:4: 857 daAuts
     D:5: 147 daAuts
